 Dungeon Crawl Stone Soup version 0.26-a0-597-gb535b0901c (webtiles) character file.

Game seed: 5094166656656330657

39 Lanoc the Ducker (level 3, -1/39 HPs)
             Began as a Halfling Monk on Sept 8, 2020.
             Killed from afar by an orc wizard (4 damage)
             ... with a puff of flame
             ... on level 3 of the Dungeon.
             The game lasted 00:05:43 (849 turns).

Lanoc the Ducker (Halfling Monk)                     Turns: 849, Time: 00:05:43

Health: -1/39      AC: 21    Str: 12    XL:     3   Next: 67%
Magic:  3/3        EV:  3    Int:  8    God:
Gold:   90         SH:  0    Dex: 15    Spells: 2/2 levels left

rFire    + . .     SeeInvis .   a - +0 short sword
rCold    + . .     Faith    .   (shield restricted)
rNeg     + + +     Spirit   .   (armour currently unavailable)
rPois    +         Reflect  .   (helmet currently unavailable)
rElec    +         Harm     .   (cloak currently unavailable)
rCorr    +         NoTele   +   (gloves currently unavailable)
MR       .....                  (boots currently unavailable)
Stlth    ++........             (no amulet)
HPRegen  0.13/turn              j - ring of wizardry
MPRegen  0.08/turn              (no ring)

@: brilliant, tree-form (expiring), resistant
A: small, clumsy 1, mutation resistance 1
a: no special abilities


You were on level 3 of the Dungeon.
You were a tree.
You visited 1 branch of the dungeon, and saw 3 of its levels.

You collected 90 gold pieces.

Inventory:

Hand Weapons
 a - a +0 short sword (weapon)
Missiles
 c - 97 stones (quivered)
Armour
 b - a +0 robe (melded)
 d - a +2 pair of boots of flying (melded)
 m - a scarf of shadows (melded)
Jewellery
 j - a ring of wizardry (left branch)
Wands
 n - a wand of digging (4)
Scrolls
 e - a scroll of random uselessness {unknown}
 i - 3 scrolls of remove curse {unknown}
 k - a scroll of amnesia {unknown}
 l - a scroll of identify {unknown}
 o - a scroll of enchant armour {unknown}
Potions
 f - a potion of lignification


   Skills:
 + Level 3.4 Fighting
 - Level 3.6 Short Blades
 + Level 4.1 Dodging
 - Level 2.1 Stealth


You had 2 spell levels left.
You didn't know any spells.
Your spell library was empty.

Dungeon Overview and Level Annotations

Branches:
Dungeon (3/15)

Altars:
Kikubaaqudgha


Innate Abilities, Weirdness & Mutations

You are small and have problems with some larger weapons.
You are somewhat resistant to further mutation.
((You have a pair of small antennae on your head.))
You are clumsy. (Dex -2)


Message History

The orc wizard hits you but does no damage.
It was a potion of brilliance.
You feel clever all of a sudden.
The orc wizard hits you but does no damage.
The orc hits you but does no damage.
It was a potion of resistance.
You feel protected.
The orc wizard hits you but does no damage.
The orc hits you from afar with a +0 trident.
* * * LOW HITPOINT WARNING * * *
The orc wizard hits you but does no damage.
You hit the orc wizard but do no damage.
The orc wizard is severely wounded.
The orc wizard looks braver for a moment.
The orc barely misses you.
You hit the orc wizard but do no damage.
The orc wizard is severely wounded.
The orc wizard casts a spell at you. The puff of flame hits you. You resist.
You die...

###.### #.#
####.....#
#.#
#........#
#.# ##.##
.... #)#
##...##...
#.#
#.....##.#
#.##
.......#)#
#ro#
..._.....#
##o#
.......#.#
#♣##
#.....##.#
#..# .#
##...##.##
##.##.#
.##.##..#
#..#.#
........#
##.#.#
........#
#.#.#
#######.#
#...# #.#
##..# #.#
#..########


You could see an orc wizard (fast), an orc and a rat.

Vanquished Creatures
  An ooze (D:1)
  A dart slug (D:2)
  An orc (D:3)
  6 bats
  A giant cockroach (D:2)
  2 goblins
  5 hobgoblins
  A kobold (D:2)
  A quokka (D:2)
  4 frilled lizards
  8 rats
31 creatures vanquished.

Notes
Turn   | Place    | Note
-------+----------+-------------------------------------------
     0 | D:1      | Lanoc the Halfling Monk began the quest for the Orb.
     0 | D:1      | Reached XP level 1. HP: 15/15 MP: 1/1
    98 | D:1      | Reached XP level 2. HP: 20/20 MP: 2/2
   309 | D:2      | Reached XP level 3. HP: 24/26 MP: 3/3
   447 | D:2      | Reached skill level 4 in Dodging
   715 | D:3      | Found an ancient bone altar of Kikubaaqudgha.
   844 | D:3      | Gained mutation: You are clumsy. (Dex -2) [potion of
                  | mutation]
   844 | D:3      | Gained mutation: You have a pair of small antennae on your
                  | head. [potion of mutation]
   849 | D:3      | Killed from afar by an orc wizard

Illustrated notes

Levels and vault maps discovered:
D:1:      dpeg_arrival_concentric_ovals, layout_loops_ring,
          kennysheep_pointless_box
D:2:      layout_loops_ring
D:3:      layout_basic, lemuel_round_altar

Skill      XL: |  1  2  3 |
---------------+----------+-----
Fighting       | 3 |  3.4
Dodging        | 4 |  4.1
Short Blades   | |  3.6
Stealth        | |  2.1

Action                   || total
-------------------------++-------
Melee: Short sword       ||   121
 Abil: Stop Flying       ||     2
       Evoke Flight      ||     1
  Use: Potion            ||     5
 Stab: Sleeping          ||     5
Armor: Robe              ||    18
       Skin              ||    32
Dodge: Dodged            ||    87

Table legend: (Time is in decaauts)
 A = Elapsed time spent in this place.
 B = Non-inter-level travel time spent in this place.
 C = Inter-level travel time spent in this place.
 D = Time resting spent in this place.
 E = Time spent auto-exploring this place.
 F = Levels seen in this place.
 G = Mean time per level.
                   A        B        C        D        E       F      G
               +--------+--------+--------+--------+--------+-----+--------+
         Total |    839 |    820 |     19 |      0 |    527 |   3 |  279.7 |
       Dungeon |    839 |    820 |     19 |      0 |    527 |   3 |  279.7 |
               +--------+--------+--------+--------+--------+-----+--------+

Top non-repeatable levels by time:
     D:2: 397 daAuts
     D:1: 294 daAuts
     D:3: 147 daAuts
